 Dungeon Crawl Stone Soup version 0.19-a0-1893-ge087f11 (webtiles) character file.

94 Amaryllis the Grasshopper (level 4, 0/58 HPs)
             Began as a Naga Warper on Dec 7, 2016.
             Slain by an adder (1 damage)
             ... on level 2 of the Dungeon.
             The game lasted 00:06:41 (1914 turns).

Amaryllis the Grasshopper (Naga Warper)             Turns: 1914, Time: 00:06:42

Health: 0/58       AC:  2    Str: 18    XL:     4   Next: 63%
Magic:  6/7        EV: 15    Int: 14    God:
Gold:   90         SH:  0    Dex: 16    Spells: 0/7 levels left

rFire  . . .     SeeInvis +     a - +0 spear
rCold  . . .     Faith    .     b - +0 leather armour
rNeg   . . .     Spirit   .     (no shield)
rPois  +         Reflect  .     (no helmet)
rElec  .                        (no cloak)
rCorr  +                        (no gloves)
MR     .....                    (no barding)
Stlth  ..........               r - amulet of magic regeneration
                                p - ring of wizardry
                                g - ring of resist corrosion

@: agile, berserking, lethally poisoned (0 -> -2), very slightly contaminated,
hasted, quick
A: see invisible, deformed body, poison resistance, slowness 2, slow metabolism
1, spit poison 1, AC +1
a: Spit Poison


You were on level 2 of the Dungeon.
You were not hungry.

You visited 1 branch of the dungeon, and saw 2 of its levels.

You collected 90 gold pieces.

Inventory:

Hand Weapons
 a - a +0 spear (weapon)
 l - a cursed -2 dagger
Missiles
 e - 5 tomahawks of dispersal
 m - 473 stones (quivered)
Armour
 b - a +0 leather armour (worn)
Jewellery
 g - a ring of resist corrosion (left hand)
 p - a ring of wizardry (right hand)
 r - an amulet of magic regeneration (around neck)
Scrolls
 d - a scroll of blinking
 h - 2 scrolls of fear {unknown}
 i - a scroll of remove curse {unknown}
 k - a scroll of enchant weapon {unknown}
 n - a scroll of noise {unknown}
 q - 2 scrolls of identify {unknown}
 s - a scroll of enchant armour {unknown}
Books
 c - a book of Spatial Translocations

   Spells                             Type                      Level
   a - Blink                          Translocation                2
   b - Shroud of Golubria             Charms/Translocation         2
   c - Lesser Beckoning               Translocation                3
   d - Portal Projectile              Translocation                3
   e - Teleport Other                 Translocation                3
   f - Passage of Golubria            Translocation                4


   Skills:
 - Level 2.0 Fighting
 * Level 3.5 Polearms
 - Level 0.8 Throwing
 - Level 0.7 Armour
 - Level 1.5 Dodging
 + Level 2.9 Stealth
 - Level 2.0 Spellcasting
 + Level 3.7 Translocations


You couldn't memorise any spells.
You knew the following spells:

 Your Spells              Type           Power        Failure   Level  Hunger
a - Blink                 Tloc           N/A          4%          2    ###....
b - Portal Projectile     Tloc           ##....       9%          3    ####...
c - Shroud of Golubria    Chrm/Tloc      #.........   10%         2    ###....


Dungeon Overview and Level Annotations

Branches:
Dungeon (2/15)
   Lair: D:-1         Crypt: Vaults:-1     Tomb: Vaults:-1

Altars:
The Shining One


Innate Abilities, Weirdness & Mutations

You cannot wear boots.
Your serpentine skin is tough. (AC +1)
You have supernaturally acute eyesight. (SInv)
Armour fits poorly on your strangely shaped body.
Your system is resistant to poisons. (rPois)
You cover ground very slowly.
You have a slow metabolism.
You can spit poison.


Message History

* * * LOW HITPOINT WARNING * * *
Casting: Portal Projectile
Confirm with . or Enter, or press ? or * to list all spells.
You blink.
* * * LOW HITPOINT WARNING * * *
You feel sick.
* * * LOW HITPOINT WARNING * * *
You feel sick.
It was a potion of agility.
You feel agile all of a sudden. The adder barely misses you.
It was a potion of haste.
You feel yourself speed up.
* * * LOW HITPOINT WARNING * * *
You feel sick. The adder bites you (2).
* * * LOW HITPOINT WARNING * * *
You are very lightly contaminated with residual magic.
It was a potion of berserk rage.
A red film seems to cover your vision as you go berserk!
You feel yourself moving faster!
You feel mighty! The adder bites you (1).
You die...

#.##.## #. #.##.#
#.# #.##.# ##.#####
# #[##.# ... ....#
#.##.# # #!# #..
#.##.# ..
###.###.#.#####.##.#
....###......#
#......##.##
........gS@.#
##.####.....
.....##..r.##
##...#.#.##
.......†....##
##)##.#.#...
##.##......###.##
#.#### #
#.......#.####.#.#
#...........).....
##############....
...


You could see an adder, a hobgoblin and a rat.

Vanquished Creatures
  3 adders
  A gnoll (D:1)
  An ooze (D:1)
  A dart slug (D:1)
  2 leopard geckos (D:2)
  7 bats
  2 giant cockroaches (D:1)
  7 hobgoblins
  3 jackals (D:1)
  8 goblins
  3 kobolds
  10 rats
48 creatures vanquished.

Notes
Turn   | Place    | Note
-------+----------+-------------------------------------------
     0 | D:1      | Amaryllis the Naga Warper began the quest for the Orb.
     0 | D:1      | Reached XP level 1. HP: 19/19 MP: 3/3
    81 | D:1      | Found a glowing golden altar of the Shining One.
    92 | D:1      | Reached skill level 1 in Stealth
   207 | D:1      | Reached XP level 2. HP: 21/26 MP: 5/5
   537 | D:1      | Reached XP level 3. HP: 25/32 MP: 6/6
  1430 | D:1      | Reached XP level 4. HP: 32/39 MP: 7/7
  1784 | D:2      | Learned a level 2 spell: Blink
  1788 | D:2      | Learned a level 3 spell: Portal Projectile
  1791 | D:2      | Learned a level 2 spell: Shroud of Golubria
  1913 | D:2      | HP: 1/39 [adder (2)]
  1914 | D:2      | Slain by an adder

Vault maps used:
D:1:      evilmike_arrival_rings, tso_metal_star
D:2:      kennysheep_slug_shrine

Skill      XL: |  1  2  3 |
---------------+----------+-----
Stealth        | 1 2 |  2.9
Polearms       | 3 |  3.5
Fighting       | |  2.0
Throwing       | |  0.8
Armour         | |  0.7
Dodging        | |  1.5
Spellcasting   | |  2.0
Translocations | |  3.7

Action                   |  1- 3 |  4- 6 || total
-------------------------+-------+-------++-------
Melee: Spear             |   151 |    67 ||   218
Throw: Stone             |       |    11 ||    11
 Cast: Portal Projectile |       |     3 ||     3
       Blink             |       |     1 ||     1
  Use: Potion            |       |     3 ||     3
 Stab: Sleeping          |     3 |     1 ||     4
Armor: Leather armour    |    32 |    17 ||    49
Dodge: Dodged            |    69 |    37 ||   106
